 Dungeon Crawl Stone Soup version 0.31.0-1-g2c135a008e (webtiles) character file.

Game seed: 15304823738541527027

35 qw the Shooter (level 3, 0/28 HPs)
             Began as a Djinni Hunter on Jan 23, 2024.
             Incinerated by a bombardier beetle (1 damage)
             ... with a burning spray
             ... on level 2 of the Dungeon.
             The game lasted 00:00:00 (109 turns).

qw the Shooter (Djinni Hunter)                       Turns: 109, Time: 00:00:00

Health: 0/28       AC:  3    Str: 10    XL:     3   Next: 55%
Gold:   12         EV: 12    Int: 10    God:
                   SH:  0    Dex: 18

rFire   + + .        a - +0 shortbow
rCold   x . .        (shield currently unavailable)
rNeg    . . .        c - +0 leather armour
rPois   inf          (no helmet)
rElec   .            (no cloak)
rCorr   .            (no gloves)
SInv    .            (boots unavailable)
Will    .....        (no amulet)
Stlth   +            (no ring)
HPRegen 0.24/turn    (no ring)
MPRegen 0.00/turn

%: infuse magic (-1 HP)
@: on fire, flying, glowing
A: sickness immunity, fire resistance 2, cold vulnerability 1, float, innate
caster, HP casting, extra vitality 1
a: no special abilities


You were on level 2 of the Dungeon.
You visited 1 branch of the dungeon, and saw 2 of its levels.

You collected 12 gold pieces.


Innate Abilities, Weirdness & Mutations

You are immune to sickness and miasma.
You are immune to poison.
Your flesh is very heat resistant. (rF++)
You are vulnerable to cold. (rC-)
You float through the air rather than walking.
You learn spells naturally, not from books.
Your magical power is your life essence.
You have superior vitality. (+4 MHP)


   Skills:
 + Level 2.0 Fighting
 - Level 4.2 Ranged Weapons
 - Level 2.1 Dodging
 - Level 0.7 Stealth


You knew the following spells:

 Your Spells              Type           Power      Damage    Failure   Level
a - Freeze                Ice            0%         1d3       45%         1
Your spell library was empty.

Inventory:

Hand Weapons
 a - a +0 shortbow (weapon)
Armour
 c - a +0 leather armour (worn)
 d - the +4 ring mail "Liseruar" {Fly rPois rN++ Dex-3}
   (You found it on level 2 of the Dungeon)

   Dex-3:     It affects your dexterity (-3).
   rPois:     It protects you from poison rN++: It greatly protects you from
   negative energy.
   Fly:       It grants you flight.
Scrolls
 b - a scroll of butterflies

Dungeon Overview and Level Annotations

Branches:
Dungeon (1/15)

Altars:


Message History

The arrow closely misses the bombardier beetle.
The liquid fire burns you! The bombardier beetle bites you.
You shoot an arrow. The arrow hits the bombardier beetle.
The bombardier beetle is almost dead.
The liquid fire burns you!
The bombardier beetle sprays incendiary fluid at you.
The burning spray hits you.
You are even more covered in liquid fire!
You shoot an arrow. The arrow hits the bombardier beetle!
You kill the bombardier beetle!
The liquid fire burns you!
Your Ranged Weapons skill increases to level 4!
You have reached level 2!
You have reached level 3!
Your experience leads to an increase in your attributes!
Increase (S)trength, (I)ntelligence, or (D)exterity?
You feel agile. x2
The power to cast Freeze wells up from within.
Spell assigned to 'a'.
You are on fire!
The liquid fire burns you!
You are on fire!
The liquid fire burns you!
You are on fire!
The liquid fire burns you!
You are on fire!
The liquid fire burns you!
You are on fire!
The liquid fire burns you!
You are on fire!
The liquid fire burns you!
You are on fire!
The liquid fire burns you!
You are on fire!
The liquid fire burns you!
You are on fire!
The liquid fire burns you!
You are on fire!
The liquid fire burns you!
You die...

#.# #.# ..# #
#.#.# #.#.#
.########.#.##
.............#
.. ###@...####
#.##..........
#...........>.
####.###..####
#.###..##
#.......#
#########...#
............#
........##..#


There were no monsters in sight!

Vanquished Creatures
  A bombardier beetle (D:2)
  A goblin (D:2)
  A kobold (D:2)
3 creatures vanquished.

Notes
Turn   | Place    | Note
-------+----------+-------------------------------------------
     0 | D:1      | qw the Djinni Hunter began the quest for the Orb.
     0 | D:1      | Reached XP level 1. HP: 18/18 MP: 0/0
     0 | D:1      | 0 ||| qw: Version: 0.3-a-134-g2ba4250
     0 | D:1      | 0 ||| qw: Game counter: 718
     0 | D:1      | 0 ||| qw: Melee chars always use a shield: true
     0 | D:1      | 0 ||| qw: God list: Okawaru
     0 | D:1      | 0 ||| qw: Allow faded altars: false
     0 | D:1      | 0 ||| qw: Do Orc after clearing Dungeon:15 true
     0 | D:1      | 0 ||| qw: Do second Lair branch before Depths: true
     0 | D:1      | 0 ||| qw: Lair rune preference: random
     0 | D:1      | 0 ||| qw: Goals: Normal
     0 | D:1      | 0 ||| PLANNING D:1-11
     6 | D:1      | You are sucked into a shaft and drop 1 floor!
    15 | D:2      | Identified the +4 ring mail "Liseruar" {Fly rPois rN++
                  | Dex-3}
    87 | D:2      | Noticed a bombardier beetle
    99 | D:2      | Killed a bombardier beetle
   100 | D:2      | Reached skill level 4 in Ranged Weapons
   100 | D:2      | Reached XP level 2. HP: 7/23 MP: 0/0
   100 | D:2      | Reached XP level 3. HP: 9/28 MP: 0/0
   100 | D:2      | Learned a level 1 spell: Freeze
   101 | D:2      | HP: 7/28 [burnt (1)]
   106 | D:2      | HP: 3/28 [burnt (1)]
   108 | D:2      | HP: 1/28 [burnt (2)]
   109 | D:2      | Incinerated by a bombardier beetle

Levels and vault maps discovered:
D:1:      dpeg_arrival_three_same_balls, layout_rooms
D:2:      layout_loops_ring

Skill      XL: |  1 |
---------------+----+-----
Ranged Weapons | 4 |  4.2
Fighting       | |  2.0
Dodging        | |  2.1
Stealth        | |  0.7

Action                     || total
---------------------------++-------
   Fire: Shortbow          ||    15
 Armour: Leather armour    ||     1

Table legend:
 A = Non-vault XP
 B = Vault XP
 C = Vault XP percentage of total XP
 D = Non-vault monster count
 E = Vault monster count
 F = Vault count percentage of total count
                 A         B        C        D         E       F
            +---------+---------+-------+---------+---------+-------
      Total |      51 |       0 |   0.0 |       3 |       0 |   0.0
            +---------+---------+-------+---------+---------+-------
        D:2 |      51 |       0 |   0.0 |       3 |       0 |   0.0
            +---------+---------+-------+---------+---------+-------
